 Dungeon Crawl Stone Soup version 0.29-a0-284-gf9362112df (webtiles) character file.

Game seed: 8757234549424643527

2644 enile the Magician (level 9, -1/66 HPs)
             Began as a Gnoll Wanderer on Mar 21, 2022.
             Was an Initiate of Nemelex Xobeh.
             Succumbed to Grum's poison
             ... on level 7 of the Dungeon.
             The game lasted 00:13:14 (9213 turns).

enile the Magician (Gnoll Wanderer)                 Turns: 9213, Time: 00:13:14

Health: -1/66      AC: 12    Str: 18    XL:     9   Next: 62%
Magic:  19/19      EV: 20    Int: 10    God:    Nemelex Xobeh [......]
Gold:   379        SH:  0    Dex: 11    Spells: 20/21 levels left

rFire   + . .      SeeInvis .     - Unarmed
rCold   + . .      Faith    .   (shield currently unavailable)
rNeg    + + +      Spirit   .   (body armour currently unavailable)
rPois   +          Reflect  .   (helmet currently unavailable)
rElec   +          Harm     .   (cloak currently unavailable)
rCorr   +          Rampage  .   (gloves currently unavailable)
Will    .....                   (boots currently unavailable)
Stlth   ++........              (no amulet)
HPRegen 0.21/turn               m - +4 ring of slaying
MPRegen 0.16/turn               (no ring)

@: lethally poisoned (-1 -> -4), fungus-form (expiring), resistant, attractive,
slowed, very slow
A: melee confuse, terrified, no casting, tiny, (fangs 1), strong nose,
distributed training
a: Renounce Religion, Draw Escape, Draw Destruction, Draw Summoning


You were on level 7 of the Dungeon.
You worshipped Nemelex Xobeh.
Nemelex Xobeh was noncommittal.
You were a sentient fungus.
You visited 1 branch of the dungeon, and saw 8 of its levels.

You collected 379 gold pieces.

Inventory:

Hand Weapons
 a - a +2 vorpal shortbow (melded)
 b - a +0 war axe
 c - a +0 dagger
 j - a +2 flail of protection
 C - a +2 trident of protection
 G - a +2 vorpal falchion
 P - a +2 shortbow
Missiles
 o - 30 poisoned darts (quivered)
 t - 3 javelins
 D - 4 curare-tipped darts
Armour
 e - a +0 leather armour
 p - a +1 pair of gloves (melded)
 q - a +2 chain mail of cold resistance (melded)
 B - a +0 leather armour of poison resistance
Jewellery
 m - a +4 ring of slaying (left hypha)
 y - a ring of flight
Wands
 s - a wand of digging (3)
 E - a wand of iceblast (12)
 J - a wand of acid (9)
 K - a wand of flame (12)
Scrolls
 f - 4 scrolls of teleportation
 g - 3 scrolls of immolation
 n - a scroll of holy word
 r - 3 scrolls of summoning {unknown}
 u - 2 scrolls of noise
 v - a scroll of fog
 w - 2 scrolls of torment
 x - 2 scrolls of amnesia
 H - a scroll of magic mapping {unknown}
 I - a scroll of blinking
 M - a scroll of identify
 N - 3 scrolls of fear {unknown}
 O - a scroll of silence {unknown}
Potions
 d - 3 potions of brilliance
 h - 3 potions of heal wounds {unknown}
 i - 2 potions of ambrosia {unknown}
 k - 2 potions of resistance
 l - 2 potions of attraction
 z - 2 potions of flight {unknown}
 A - a potion of magic {unknown}
 F - a potion of might {unknown}
 L - a potion of haste


   Skills:
 + Level 4.4 Fighting
 + Level 4.4 Short Blades
 + Level 4.4 Long Blades
 + Level 4.4 Axes
 + Level 4.4 Maces & Flails
 + Level 4.4 Polearms
 + Level 4.4 Staves
 + Level 4.4 Slings
 + Level 6.4 Bows
 + Level 4.4 Crossbows
 + Level 6.4 Throwing
 + Level 4.4 Armour
 + Level 5.2 Dodging
 + Level 4.4 Stealth
 + Level 4.4 Shields
 + Level 4.4 Unarmed Combat
 + Level 6.7 Spellcasting
 + Level 3.6 Conjurations
 + Level 3.6 Hexes
 + Level 5.3 Summonings
 + Level 3.6 Necromancy
 + Level 3.6 Translocations
 + Level 3.6 Transmutations
 + Level 3.6 Fire Magic
 + Level 3.6 Ice Magic
 + Level 3.6 Air Magic
 + Level 3.6 Earth Magic
 + Level 3.6 Poison Magic
 + Level 4.9 Invocations
 + Level 5.2 Evocations


You had 20 spell levels left.
You knew the following spells:

 Your Spells              Type           Power      Damage    Failure   Level
a - Summon Small Mammal   Summ           56%        N/A       2%          1

Your spell library contained the following spells:

 Spells                   Type           Power      Damage    Failure   Level
 Foxfire                  Conj/Fire      40%        2x1d6     4%          1
 Freeze                   Ice            40%        1d6       4%          1
 Summon Guardian Golem    Hex/Summ       12%        N/A       9%          3
 Conjure Flame            Conj/Fire      10%        6-21      13%         3
 Frozen Ramparts          Ice            20%        1d4       13%         3
 Gell's Gravitas          Tloc           10%        N/A       13%         3
 Inner Flame              Hex/Fire       10%        N/A       13%         3
 Lesser Beckoning         Tloc           10%        N/A       13%         3
 Teleport Other           Tloc           10%        N/A       13%         3
 Flame Wave               Conj/Fire      10%        2d5       38%         4
 Hailstorm                Conj/Ice       10%        3d5       38%         4
 Olgreb's Toxic Radiance  Pois           10%        N/A       38%         4
 Ozocubu's Refrigeration  Ice            5%         4d6       100%        7
 Ignition                 Fire           5%         3d4       100%        8


Dungeon Overview and Level Annotations

Branches:
Dungeon (8/15)             Temple (0/1) D:6
   Lair: D:8-11

Altars:
Dithmenos
Elyvilon
Nemelex Xobeh
Qazlal
Ru
Wu Jian

Shops:
D:6 *

Annotations:
D:8 Grum, Joseph


Innate Abilities, Weirdness & Mutations

You are a sentient fungus.
You are tiny and evasive.
Your melee attack releases spores that confuse breathing creatures.
You become terrified and freeze when enemies are visible.
Your armour is entirely melded.
You are incapable of wielding weapons or throwing items.
You cannot cast spells.
((You have very sharp teeth.))
Your uncanny sense of smell can sniff out nearby items.
Your experience applies equally to all skills.


Message History

You have difficulty breathing.
You feel yourself slow down.
Grum glances around and shouts, "Duke!
Here boy!"
Grum zaps a wand.
You turn into a sentient fungus.
Your +2 vorpal shortbow melds into your body.
Your +1 pair of gloves melds into your body.
Your +2 chain mail of cold resistance melds into your body.
You feel less resistant to cold.
The kobold brigand throws a curare-tipped dart.
The curare-tipped dart closely misses you.
You're too terrified to move while being watched!
As you read the scroll of torment, it crumbles to dust.
You feel a surge of unholy energy.
Joseph convulses!
Grum convulses!
The kobold brigand convulses!
The orc convulses!
You feel very sick.
Joseph shoots a sling bullet.
The sling bullet hits you!
Grum throws a poisoned dart.
The poisoned dart hits you!
You are more poisoned.
Joseph shoots a sling bullet.
The sling bullet hits you!
Okay, then.
Blink to where?
Press: ? - help, Dir - move target, p - Joseph
As you read the scroll of blinking, it crumbles to dust.
* * * LOW HITPOINT WARNING * * *
You feel very sick.
You feel very sick.
Joseph shoots a sling bullet.
The sling bullet closely misses you.
Joseph shoots a sling bullet.
The sling bullet hits you!
* * * LOW HITPOINT WARNING * * *
You climb upwards.
* * * LOW HITPOINT WARNING * * *
You feel very sick.
There is a stone staircase leading down here.
It was a potion of resistance.
You feel protected.
* * * LOW HITPOINT WARNING * * *
You feel sick.
It was a potion of attraction.
You feel attractive to monsters.
Your transformation is almost over.
You die...
Your body disappears without a glow.

#........)...#.....##.#
#.####..<..........##.# #.#
#.#.###.#...)###.# #.# #.#)#
#.#......#.# #.####.#.#
#.##...#)#.# #......#[#
#.###)##.#.# ###### #.###....#
#.# #......# .)...# #........#
#.# ####...# ####.# #.....[.f#
#.# #...# #.# #........###.#
#...# #.# #............# #...#
#.# #......).##########...#
#.# #.....................#
#.####........##########..##
#...###.[..#### #..#
###.###.################..#
#####........................#


There were no monsters in sight!

Vanquished Creatures
  Menkaure (D:7)
  Edmund (D:4)
  A water moccasin (D:6)
  2 orc warriors (D:7)
  2 centaurs (D:7)
  An ice beast (D:7)
  A phantom (D:7)
  A kobold brigand (D:7)
  2 bullfrogs (D:7)
  A gnoll sergeant (D:5)
  4 necrophages
  4 wights (D:7)
  A howler monkey (D:4)
  2 hounds
  A jelly (D:6)
  A gnoll shaman (D:4)
  6 orc priests
  Ijyb (D:3)
  An iguana (D:4)
  Terence (D:3)
  13 orc wizards
  Natasha (thrice) (D:3)
  10 gnolls
  4 adders
  An ufetubus (D:7)
  2 worms (D:2)
  A dart slug (D:2)
  34 orcs
  7 ball pythons
  5 endoplasms
  3 giant cockroaches
  2 goblins
  6 hobgoblins
  7 jackals
  10 kobolds
  A quokka (D:4)
  2 bats (D:1)
  3 frilled lizards
  2 rats
151 creatures vanquished.

Notes
Turn   | Place    | Note
-------+----------+-------------------------------------------
     0 | D:1      | enile the Gnoll Wanderer began the quest for the Orb.
     0 | D:1      | enile set off with the following items: a +2 shortbow, 9
                  | poisoned darts, a +0 dagger, a potion of brilliance, a +0
                  | leather armour; and the following spell memorised: Summon
                  | Small Mammal; and the following spells available to
                  | memorise: Summon Guardian Golem
     0 | D:1      | Reached XP level 1. HP: 13/13 MP: 6/6
     9 | D:1      | Found a shadowy altar of Dithmenos.
   103 | D:1      | Reached XP level 2. HP: 7/19 MP: 7/7
   923 | D:2      | Reached XP level 3. HP: 25/25 MP: 9/9
   983 | D:2      | Reached skill level 5 in Spellcasting
  1251 | D:2      | Reached skill level 1 in Invocations
  1451 | D:3      | Reached skill level 1 in Fighting
  1451 | D:3      | Reached skill level 1 in Short Blades
  1451 | D:3      | Reached skill level 1 in Long Blades
  1451 | D:3      | Reached skill level 1 in Axes
  1451 | D:3      | Reached skill level 1 in Maces & Flails
  1451 | D:3      | Reached skill level 1 in Polearms
  1451 | D:3      | Reached skill level 1 in Staves
  1451 | D:3      | Reached skill level 1 in Slings
  1451 | D:3      | Reached skill level 1 in Crossbows
  1451 | D:3      | Reached skill level 1 in Armour
  1451 | D:3      | Reached skill level 1 in Stealth
  1451 | D:3      | Reached skill level 1 in Shields
  1451 | D:3      | Reached skill level 1 in Unarmed Combat
  1451 | D:3      | Reached XP level 4. HP: 32/32 MP: 11/11
  1506 | D:3      | Noticed Terence
  1518 | D:3      | Killed Terence
  1519 | D:3      | Reached skill level 1 in Conjurations
  1519 | D:3      | Reached skill level 1 in Hexes
  1519 | D:3      | Reached skill level 1 in Necromancy
  1519 | D:3      | Reached skill level 1 in Translocations
  1519 | D:3      | Reached skill level 1 in Transmutations
  1519 | D:3      | Reached skill level 1 in Fire Magic
  1519 | D:3      | Reached skill level 1 in Ice Magic
  1519 | D:3      | Reached skill level 1 in Air Magic
  1519 | D:3      | Reached skill level 1 in Earth Magic
  1519 | D:3      | Reached skill level 1 in Poison Magic
  1538 | D:3      | Found a faded altar of an unknown god.
  1675 | D:3      | Noticed Ijyb
  1684 | D:3      | Killed Ijyb
  1685 | D:3      | Reached XP level 5. HP: 36/37 MP: 12/12
  2017 | D:3      | Found a shadowy altar of Dithmenos.
  2138 | D:3      | Noticed Natasha
  2140 | D:3      | Killed Natasha
  2431 | D:3      | Noticed Natasha
  2439 | D:3      | Killed Natasha
  2855 | D:3      | Noticed Natasha
  2862 | D:3      | Killed Natasha
  2863 | D:3      | Reached XP level 6. HP: 35/44 MP: 13/13
  2941 | D:3      | Prayed at the altar of an unknown god.
  2941 | D:3      | Became a worshipper of Elyvilon the Healer
  2941 | D:3      | Reached * piety under Elyvilon
  3072 | D:3      | Reached skill level 5 in Bows
  3072 | D:3      | Reached skill level 5 in Throwing
  3923 | D:4      | Found an ornate altar of the Wu Jian Council.
  3923 | D:4      | Found a stormy altar of Qazlal.
  3986 | D:5      | Entered Level 5 of the Dungeon
  4177 | D:5      | Reached ** piety under Elyvilon
  4206 | D:5      | Reached XP level 7. HP: 38/50 MP: 15/15
  4742 | D:5      | Noticed Edmund
  5354 | D:4      | HP: 2/51 [Edmund/+2 flail of protection (12)]
  5364 | D:4      | Killed Edmund
  5764 | D:5      | Reached XP level 8. HP: 46/57 MP: 16/16
  6311 | D:5      | Found a sparkling altar of Nemelex Xobeh.
  6481 | D:5      | Fell from the grace of Elyvilon
  6481 | D:5      | Became a worshipper of Nemelex Xobeh the Trickster
  6910 | D:6      | Found a staircase to the Ecumenical Temple.
  6984 | D:6      | Found Tuimogg's General Store.
  7604 | D:7      | Reached skill level 5 in Summonings
  7604 | D:7      | Reached XP level 9. HP: 64/65 MP: 18/18
  7900 | D:7      | Noticed Menkaure
  8183 | D:7      | Reached skill level 5 in Dodging
  8183 | D:7      | Reached skill level 5 in Evocations
  8203 | D:7      | Killed Menkaure
  8577 | D:8      | Noticed Joseph
  9196 | D:8      | Found a sacrificial altar of Ru.
  9206 | D:8      | Noticed Grum
  9211 | D:7      | HP: 3/66 [poisoned by Grum]
  9212 | D:7      | HP: 1/66 [poisoned by Grum]
  9213 | D:7      | Succumbed to Grum's poison

Illustrated notes

Levels and vault maps discovered:
D:1:      dpeg_arrival_lava_altar, layout_rooms, minmay_misc_feat_tower,
          minmay_misc_feat_iff
D:2:      layout_basic, minivault_27
D:3:      layout_loops_ring, nicolae_dithmenos_the_darkroom, serial_aquarium,
          aquarium_bridge_square [aquarium_subvault_window,
          aquarium_subvault_balcony, aquarium_subvault_wall,
          aquarium_subvault_bridge], aquarium_window_fake,
          aquarium_window_corridor_1, aquarium_window_fake, aquarium_view_2c,
          shapermc_ecumenical_altar_petra, nrook_mini_vaults, grunt_decor_cap,
          uniq_ijyb, uniq_terence, uniq_natasha
D:4:      layout_rooms, gammafunk_temple_overflow_wave, dreamdust_wishing_well,
          amcnicky_mini_pool_small
D:5:      layout_cave_pools, nemelex_diamond_rough_becter,
          kennysheep_small_spiral, uniq_edmund
D:6:      layout_basic, temple_statues, serial_shops, shop, chequers_arboretum
D:7:      layout_loops_ring, uniq_menkaure
D:8:      layout_rooms, mainiacjoe_overflow_concentric_impassable,
          kennysheep_small_circle, uniq_maurice, uniq_grum, uniq_joseph

Skill      XL: |  1  2  3  4  5  6  7  8  9 |
---------------+----------------------------+-----
Spellcasting   | 5 6 |  6.7
Invocations    | 1 2 3 4 |  4.9
Fighting       | 1 2 3 4 |  4.4
Short Blades   | 1 2 3 4 |  4.4
Long Blades    | 1 2 3 4 |  4.4
Axes           | 1 2 3 4 |  4.4
Maces & Flails | 1 2 3 4 |  4.4
Polearms       | 1 2 3 4 |  4.4
Staves         | 1 2 3 4 |  4.4
Slings         | 1 2 3 4 |  4.4
Crossbows      | 1 2 3 4 |  4.4
Armour         | 1 2 3 4 |  4.4
Stealth        | 1 2 3 4 |  4.4
Shields        | 1 2 3 4 |  4.4
Unarmed Combat | 1 2 3 4 |  4.4
Conjurations   | 1 2 3 |  3.6
Hexes          | 1 2 3 |  3.6
Necromancy     | 1 2 3 |  3.6
Translocations | 1 2 3 |  3.6
Transmutations | 1 2 3 |  3.6
Fire Magic     | 1 2 3 |  3.6
Ice Magic      | 1 2 3 |  3.6
Air Magic      | 1 2 3 |  3.6
Earth Magic    | 1 2 3 |  3.6
Poison Magic   | 1 2 3 |  3.6
Dodging        | 3 4 5 |  5.2
Summonings     | 4 5 |  5.3
Evocations     | 3 4 5 |  5.2
Bows           | 5 6 |  6.4
Throwing       | 5 6 |  6.4

Action                   |  1- 3 |  4- 6 |  7- 9 || total
-------------------------+-------+-------+-------++-------
Melee: War axe           |       |    26 |    51 ||    77
       Dagger            |       |    15 |       ||    15
       Bite              |       |     2 |    28 ||    30
       Flail             |       |       |    97 ||    97
       Punch             |       |       |     4 ||     4
       Trident           |       |       |   112 ||   112
 Fire: Shortbow          |    77 |    83 |    16 ||   176
Throw: Dart              |     2 |    17 |    11 ||    30
 Cast: Summon Small Mamm |     6 |       |       ||     6
Invok: Heal Other        |       |       |     3 ||     3
Evoke: Wand              |       |       |    13 ||    13
  Use: Scroll            |       |     3 |    11 ||    14
       Potion            |       |     1 |     2 ||     3
Armor: Leather armour    |    12 |     4 |       ||    16
       Chain mail        |       |    79 |   183 ||   262
Dodge: Dodged            |    36 |    51 |   123 ||   210

Table legend: (Time is in decaauts)
 A = Elapsed time spent in this place.
 B = Non-inter-level travel time spent in this place.
 C = Inter-level travel time spent in this place.
 D = Time resting spent in this place.
 E = Time spent auto-exploring this place.
 F = Levels seen in this place.
 G = Mean time per level.
                   A        B        C        D        E       F      G
               +--------+--------+--------+--------+--------+-----+--------+
         Total |   9380 |   8589 |    791 |   1165 |   6193 |   8 | 1172.5 |
       Dungeon |   9380 |   8589 |    791 |   1165 |   6193 |   8 | 1172.5 |
               +--------+--------+--------+--------+--------+-----+--------+

Top non-repeatable levels by time:
     D:4: 2287 daAuts
     D:7: 2015 daAuts
     D:3: 1948 daAuts
     D:5: 1027 daAuts
     D:1: 936 daAuts
     D:6: 654 daAuts
     D:2: 473 daAuts
     D:8: 39 daAuts
